 Dungeon Crawl Stone Soup version 0.19-b1-4-gd8a0a2a (webtiles) character file.

28 cedor the Chopper (level 3, 0/30 HPs)
             Began as a Hill Orc Warper on Oct 30, 2016.
             Slain by an adder (3 damage)
             ... on level 2 of the Dungeon.
             The game lasted 00:05:48 (836 turns).

cedor the Chopper (Hill Orc Warper)                  Turns: 836, Time: 00:05:49

Health: 0/30       AC:  4    Str: 13    XL:     3   Next: 12%
Magic:  5/5        EV: 17    Int: 14    God:
Gold:   69         SH:  0    Dex: 15    Spells: 2 memorised, 1 level left

rFire  . . .     SeeInvis .     a - +1 mace (protect)
rCold  . . .     Gourm    .     r - +0 leather armour
rNeg   . . .     Faith    .     (no shield)
rPois  .         Spirit   .     (no helmet)
rElec  .         Reflect  .     (no cloak)
rCorr  .         Harm     .     p - +0 pair of gloves
MR     .....                    (no boots)
Stlth  ++........               (no amulet)
                                (no ring)
                                (no ring)

@: agile
A: no striking features
a: no special abilities


You were on level 2 of the Dungeon.
You were not hungry.

You visited 1 branch of the dungeon, and saw 2 of its levels.

You collected 69 gold pieces.


   Skills:
 + Level 2.4 Fighting
 - Level 2.8 Axes
 + Level 0.4(1.5) Maces & Flails
 - Level 0.8 Throwing
 + Level 2.3 Armour
 - Level 1.5 Dodging
 + Level 1.9 Spellcasting
 + Level 0.0 Charms
 + Level 2.6 Translocations


You had one spell level left.
You knew the following spells:

 Your Spells              Type           Power        Failure   Level  Hunger
a - Shroud of Golubria    Chrm/Tloc      #.........   30%         2    ###....
b - Blink                 Tloc           N/A          17%         2    ###....

Inventory:

Hand Weapons
 a - a +1 mace of protection (weapon)
 b - a +0 hunting sling
 c - a +3 whip
 g - a +0 hand axe
Missiles
 e - 5 tomahawks of dispersal {=f}
 m - 59 stones (quivered)
Armour
 p - a +0 pair of gloves (worn)
 r - a +0 leather armour (worn)
Scrolls
 d - a scroll of blinking
 j - a scroll of identify {unknown}
 l - a scroll of magic mapping {unknown}
Potions
 k - a potion of berserk rage {unknown}
Books
 h - a book of Spatial Translocations

   Spells                             Type                      Level
   a - Blink                          Translocation                2
   b - Shroud of Golubria             Charms/Translocation         2
   c - Lesser Beckoning               Translocation                3
   d - Portal Projectile              Translocation                3
   e - Teleport Other                 Translocation                3
   f - Passage of Golubria            Translocation                4
Comestibles
 f - a bread ration
 i - 2 meat rations
 n - a slice of pizza
 q - 3 chunks of flesh

Dungeon Overview and Level Annotations

Branches:
Dungeon (2/15)

Altars:

.......▒>........
.......▒........
▒▒.....▒........ ▒▒▒▒▒▒.
................ .......
.....▒▒...▒...▒▒▒......▒
.....+....▒.....▒.......
.....▒....▒............▒
▒▒........▒▒....S......▒
▒.......▒▒.....o......▒
▒.......▒▒...)........▒
▒[.....................
▒▒......▒▒...▒▒.......▒
▒.......▒▒...▒▒▒▒▒▒▒▒.▒
▒.......▒▒...▒ ▒
▒...▒+▒▒▒▒..>▒ ▒...
.▒▒▒▒ ▒.. ..


You could see an adder.


Message History

You closely miss the adder.
The adder is heavily wounded.
You feel sick. The adder bites you.
* * * LOW HITPOINT WARNING * * *
The adder barely misses you.
You miss the adder.
The adder is heavily wounded.
The adder closely misses you. The adder bites you.
* * * LOW HITPOINT WARNING * * *
You closely miss the adder.
The adder is heavily wounded.
The adder bites you.
* * * LOW HITPOINT WARNING * * *
You barely miss the adder.
The adder is heavily wounded.
You feel sick.
You are no longer poisoned.
The adder bites you.
* * * LOW HITPOINT WARNING * * *
The adder closely misses you.
You closely miss the adder.
The adder is heavily wounded.
The adder bites you but does no damage. The adder barely misses you.
It was a potion of agility.
You feel agile all of a sudden. The adder misses you.
You closely miss the adder.
The adder is heavily wounded.
The adder bites you.
You die...

Action                   || total
-------------------------++-------
Melee: Hand axe          ||    11
       Whip              ||    22
       Mace              ||    38
  Use: Potion            ||     1
 Stab: Sleeping          ||     1
Armor: Leather armour    ||    26
Dodge: Dodged            ||    42

Vault maps used:
D:1:      dpeg_arrival_short_road
D:2:      minmay_roachtagon, cheibriados_altar_1, kennysheep_big_empty_room,
          minmay_tree_intersection

Notes
Turn   | Place    | Note
-------+----------+-------------------------------------------
     0 | D:1      | cedor the Hill Orc Warper began the quest for the Orb.
     0 | D:1      | Reached XP level 1. HP: 18/18 MP: 3/3
   226 | D:1      | Reached XP level 2. HP: 25/25 MP: 4/4
   229 | D:1      | Reached skill level 2 in Armour
   237 | D:1      | Learned a level 2 spell: Blink
   240 | D:1      | Learned a level 2 spell: Shroud of Golubria
   718 | D:1      | Reached XP level 3. HP: 26/30 MP: 5/5
   833 | D:2      | HP: 3/30 [adder (3)]
   836 | D:2      | Slain by an adder

Vanquished Creatures
  An ooze (D:1)
  A leopard gecko (D:1)
  5 bats (D:1)
  4 goblins (D:1)
  3 hobgoblins (D:1)
  A frilled lizard (D:1)
  4 kobolds (D:1)
  2 rats (D:1)
21 creatures vanquished.
